 Dungeon Crawl Stone Soup version 0.30.1-3-gfc49f6343a (webtiles) character file.

Game seed: 15448334734772660112

460 Atelerd the Sneak (level 7, -10/41 HPs)
             Began as an Octopode Earth Elementalist on July 31, 2023.
             Mangled by a gnoll
             ... wielding a +0 halberd
             ... led by a gnoll bouda
              (17 damage)
             ... on level 5 of the Dungeon.
             The game lasted 00:03:18 (2832 turns).

Atelerd the Sneak (Octopode Earth Elementalist)     Turns: 2832, Time: 00:03:19

Health: -10/41     AC:  1    Str:  7    XL:     7   Next: 7%
Magic:  5/12       EV: 14    Int: 17    God:
Gold:   145        SH:  5    Dex: 15    Spells: 8/13 levels left

rFire   . . .        e - +0 short sword
rCold   . . .        (no shield)
rNeg    + . .        (helmet restricted)
rPois   +            c - amulet of reflection
rElec   .            g - ring of positive energy
rCorr   .            j - ring of poison resistance
SInv    .            (no ring)
Will    .....        (no ring)
Stlth   ++++         (no ring)
HPRegen 0.00/turn    (no ring)
MPRegen 0.13/turn    (no ring)
                     (no ring)

%: reflection
@: inhibited regen
A: almost no armour, amphibious, 8 rings, camouflage 1, gelatinous body 1,
(nimble swimmer 1), tentacles, inhibited regeneration, MP-powered wands
a: no special abilities


You were on level 5 of the Dungeon.
You visited 1 branch of the dungeon, and saw 6 of its levels.

You collected 145 gold pieces.

Inventory:

Hand Weapons
 e - a +0 short sword (weapon)
Jewellery
 c - an amulet of reflection (around mantle)
 g - a ring of positive energy (left tentacle)
 j - a ring of poison resistance (right tentacle)
Scrolls
 b - 5 scrolls of identify {unknown}
 f - 5 scrolls of teleportation {unknown}
 l - a scroll of amnesia {unknown}
Potions
 a - a potion of magic
 h - a potion of haste {unknown}
 k - a potion of berserk rage {unknown}


   Skills:
 + Level 0.1 Fighting
 * Level 0.3 Short Blades
 - Level 3.4 Dodging
 - Level 5.0 Stealth
 + Level 3.5 Spellcasting
 - Level 3.0 Transmutations
 * Level 4.6 Earth Magic


You had 8 spell levels left.
You knew the following spells:

 Your Spells              Type           Power      Damage    Failure   Level
a - Sandblast             Erth           36%        2d10      2%          1
b - Petrify               Tmut/Erth      15%        N/A       34%         4

Your spell library contained the following spells:

 Spells                   Type           Power      Damage    Failure   Level
 Passwall                 Tmut/Erth      12%        N/A       5%          2
 Apportation              Tloc           6%         N/A       17%         1
 Foxfire                  Conj/Fire      12%        2x1d4     17%         1
 Necrotise                Necr           12%        1d4       17%         1
 Summon Small Mammal      Summ           12%        N/A       17%         1
 Stone Arrow              Conj/Erth      20%        3d8       19%         3
 Spider Form              Tmut/Pois      8%         N/A       26%         3
 Summon Ice Beast         Ice/Summ       3%         N/A       86%         4
 Fireball                 Conj/Fire      1%         3d3       99%         5
 Summon Mana Viper        Hex/Summ       3%         N/A       99%         5
 Plasma Beam              Fire/Air       1%         2x1d12    100%        6
 Starburst                Conj/Fire      1%         6d3       100%        6
 Summon Hydra             Summ           1%         N/A       100%        7


Dungeon Overview and Level Annotations

Branches:
Dungeon (6/15)
 Temple: D:4-7

Altars:

Shops:
D:3 (

Annotations:
D:4 Duvessa


Innate Abilities, Weirdness & Mutations

You cannot wear most types of armour.
You are amphibious.
You can wear up to eight rings at the same time.
Your skin changes colour to match your surroundings (Stealth+).
Your rubbery body absorbs attacks. (AC +1, EV +1)
((You are camouflaged when in or above water. (Stealth+)))
You have tentacles for arms and can constrict up to eight enemies at once.
You do not regenerate when monsters are visible.
You expend magic power (3 MP) to strengthen your wands.


Message History

You block the gnoll's attack.
The blast of sand hits the gnoll!
You kill the gnoll!
The gnoll bouda gazes fiercely through you!
You feel your attacks grow feeble.
The blast of sand hits the gnoll!
The gnoll is heavily wounded.
The gnoll closely misses you.
A gnoll comes into view. It is wielding a +0 whip.
The blast of sand hits the gnoll bouda but does no damage.
The gnoll shouts!
Your attacks no longer feel as feeble.
An adder comes into view.
The blast of sand hits the gnoll bouda but does no damage.
The adder hisses angrily.
The gnoll bouda hits you with a +0 club!
The blast of sand hits the gnoll!
You kill the gnoll!
The gnoll closely misses you. You block the gnoll bouda's attack.
The gnoll barely misses you.
The gnoll bouda hits you with a +0 club.
The blast of sand hits the gnoll bouda!
The gnoll bouda is heavily wounded.
The gnoll is no longer moving quickly.
The gnoll hits you from afar with a +0 halberd!
The gnoll bouda barks out a call to the hunt!
The gnoll picks up the pace!
You are too injured to fight recklessly!
You are too injured to fight recklessly!
You are too injured to fight recklessly!
You are too injured to fight recklessly!
You are too injured to fight recklessly!
The gnoll hits you from afar with a +0 halberd!
* * * LOW HITPOINT WARNING * * *
It was a potion of mutation.
You feel extremely strange.
Your regeneration stops near monsters.
You feel your magical essence link to the dungeon's wands.
The gnoll is no longer moving quickly.
The gnoll bouda barely misses you.
The gnoll hits you from afar with a +0 halberd!
You die...

#..# ..##..#
#..# #.#.!.#
#..# ##.#...#
#S.#####.$....#
#.......[....<#
#g###.#.....#.#
#g#...#...#.# #
#.g.#####.#...
###@..#..<#.###
###.#.....#
#..>#.#.#
..........#.#
########### #


You could see a gnoll bouda and 2 gnolls.

Vanquished Creatures
  Grinder (D:3)
  2 scorpions
  An orc priest (D:6)
  Robin (D:3)
  2 gnolls (D:5)
  An adder (D:2)
  A worm (D:3)
  2 dart slugs (D:1)
  7 orcs
  4 bats
  3 endoplasms
  3 giant cockroaches
  6 goblins
  8 hobgoblins
  A jackal (D:3)
  2 quokkas
  6 ball pythons
  2 frilled lizards
  6 kobolds
  14 rats
73 creatures vanquished.

Notes
Turn   | Place    | Note
-------+----------+-------------------------------------------
     0 | D:1      | Atelerd the Octopode Earth Elementalist began the quest for
                  | the Orb.
     0 | D:1      | Reached XP level 1. HP: 11/11 MP: 3/3
   154 | D:1      | Reached XP level 2. HP: 17/17 MP: 3/5
   183 | D:1      | Reached skill level 3 in Stealth
   348 | D:1      | Found a faded altar of an unknown god.
   732 | D:1      | Reached XP level 3. HP: 21/21 MP: 4/6
  1787 | D:3      | Noticed Grinder
  1790 | D:3      | Paralysed by Grinder for 5 turns
  1807 | D:3      | Paralysed by Grinder for 5 turns
  1822 | D:3      | Paralysed by Grinder for 4 turns
  1828 | D:3      | Killed Grinder
  1829 | D:3      | Reached skill level 4 in Stealth
  1829 | D:3      | Reached XP level 4. HP: 5/27 MP: 0/8
  1829 | D:3      | Reached XP level 5. HP: 5/31 MP: 0/9
  1829 | D:3      | Reached XP level 6. HP: 6/36 MP: 0/10
  2126 | D:3      | Noticed Robin
  2132 | D:3      | Killed Robin
  2291 | D:3      | Found Novoxus's Antique Weapon Shoppe.
  2441 | D:3      | You fall into a shaft and drop 3 floors!
  2512 | D:6      | Got the Commentary on Amalgamated Pestilence
  2521 | D:5      | Entered Level 5 of the Dungeon
  2540 | D:4      | Reached skill level 5 in Stealth
  2740 | D:4      | Noticed Duvessa
  2749 | D:4      | Learned a level 4 spell: Petrify
  2797 | D:5      | Reached XP level 7. HP: 41/41 MP: 9/12
  2832 | D:5      | Gained mutation: You do not regenerate when monsters are
                  | visible. [potion of mutation]
  2832 | D:5      | Gained mutation: You expend magic power (3 MP) to
                  | strengthen your wands. [potion of mutation]
  2832 | D:5      | Mangled by a gnoll

Illustrated notes

Levels and vault maps discovered:
D:1:      giann_horns, layout_loops_corners, chequers_ecumenical_altar_grove,
          minmay_rat_gold_closets
D:2:      layout_rooms
D:3:      layout_loops_ring, serial_shops, nicolae_shop_rolling_square,
          gammafunk_ghost_grave, chequers_serial_rivers_room_b, st_stairs_12,
          uniq_robin, uniq_grinder
D:4:      layout_basic, uniq_duvessa, uniq_pikel
D:5:      layout_loops_ring, temple_fountains, uniq_prince_ribbit1
D:6:      layout_basic, mainiacjoe_overflow_big_doors, serial_park_tiny_1

Skill      XL: |  1  2  3  4  5  6 |
---------------+-------------------+-----
Stealth        | 3 4 5 |  5.0
Dodging        | 3 |  3.4
Spellcasting   | 3 |  3.5
Transmutations | 2 3 |  3.0
Earth Magic    | 4 |  4.6
Fighting       | |  0.1
Short Blades   | |  0.3

Action                     |  1- 3 |  4- 6 |  7- 9 || total
---------------------------+-------+-------+-------++-------
  Melee: Unarmed           |    13 |       |       ||    13
         Constrict         |     8 |     5 |       ||    13
         Tentacles         |     6 |     4 |       ||    10
         Punch             |     3 |     1 |       ||     4
         Short sword       |    18 |     8 |       ||    26
   Cast: Sandblast         |    52 |    45 |     8 ||   105
    Use: Potion            |     4 |       |     1 ||     5
   Stab: Sleeping          |     3 |     1 |       ||     4
 Armour: Skin              |    13 |       |       ||    13
  Dodge: Dodged            |    29 |     9 |     5 ||    43
  Block: Other             |     4 |    10 |     2 ||    16
